 Dungeon Crawl Stone Soup version 0.28.0 (webtiles) character file.

Game seed: 10340123112073285432

9706 horus123 the Thaumaturge (level 11, -3/82 HPs)
             Began as a Djinni Cinder Acolyte on Feb 12, 2022.
             Was a High Priest of Ignis.
             Slain by a wraith (12 damage)
             ... on level 10 of the Dungeon.
             The game lasted 00:20:06 (14195 turns).

horus123 the Thaumaturge (Djinni Cinder Acolyte)   Turns: 14195, Time: 00:20:07

Health: -3/82      AC:  5    Str:  8    XL:     11   Next: 79%
Gold:   589        EV: 16    Int: 22    God:    Ignis [*****.] SH:  5 Dex: 15

rFire   + + +      SeeInvis +   h - +7 rapier of Calamity {venom, Will+}
rCold   x . .      Faith    .   (no shield)
rNeg    + . .      Spirit   .   s - +2 robe "Waeli" {rN+ rCorr Str-5 Int+2}
rPois   ∞          Reflect  +   y - +0 helmet
rElec   .          Harm     .   (no cloak)
rCorr   +          Rampage  .   (no gloves)
Will    ++...                   (boots unavailable)
Stlth   +.........              j - amulet of reflection
HPRegen 0.23/turn               g - ring of see invisible
MPRegen 0.00/turn               i - +6 ring of dexterity

@: flying
A: sickness immunity, fire resistance 2, cold vulnerability 1, float, innate
caster, HP casting, extra vitality 1
a: Renounce Religion, Fiery Armour, Foxfire Swarm, Rising Flame


You were on level 10 of the Dungeon.
You worshipped Ignis.
Ignis was extremely pleased with you.
You visited 1 branch of the dungeon, and saw 10 of its levels.

You collected 589 gold pieces.

Inventory:

Hand Weapons
 h - the +7 rapier of Calamity (weapon) {venom, Will+}
   (You found it on level 3 of the Dungeon)

   It poisons the flesh of those it strikes.
   Will:      It increases your willpower.
 A - a +2 scimitar of flaming
Missiles
 z - 4 throwing nets
Armour
 b - a +1 robe
 s - the +2 robe "Waeli" (worn) {rN+ rCorr Str-5 Int+2}
   (You found it on level 6 of the Dungeon)

   Str:       It affects your strength (-5).
   Int:       It affects your intelligence (+2).
   rN:        It protects you from negative energy.
   rCorr:     It protects you from acid and corrosion.
 y - a +0 helmet (worn)
Jewellery
 g - a ring of see invisible (left hand)
 i - a +6 ring of dexterity (right hand)
 j - an amulet of reflection (around neck)
 l - a +6 ring of dexterity
 q - a ring of positive energy
Wands
 p - a wand of iceblast (15)
 x - a wand of flame (11)
Scrolls
 a - a scroll of torment
 m - a scroll of fog
 o - 2 scrolls of blinking
 r - a scroll of summoning
 t - a scroll of fear
 w - 4 scrolls of teleportation
Potions
 c - 2 potions of flight
 d - 6 potions of curing
 e - 4 potions of haste
 f - 7 potions of heal wounds
 k - 2 potions of invisibility
 n - a potion of berserk rage {unknown}
 v - a potion of degeneration {unknown}
 B - a potion of resistance


   Skills:
 + Level 8.9 Fighting
 - Level 2.6(4.2) Short Blades
 + Level 5.1(5.4) Long Blades
 - Level 8.0 Dodging
 - Level 10.1 Spellcasting


You had 13 spell levels left.
You knew the following spells:

 Your Spells              Type           Power      Damage    Failure   Level
a - Scorch                Fire           100%       2d10      1%          2
b - Animate Skeleton      Necr           100%       N/A       1%          1
c - Blink                 Tloc           100%       N/A       1%          2
d - Vampiric Draining     Necr           54%        2d9       1%          3
e - Iskenderun's Mystic   Conj/Tloc      54%        2d12      1%          4
f - Summon Forest         Summ/Tloc      27%        N/A       2%          5
Your spell library was empty.

Dungeon Overview and Level Annotations

Branches:
Dungeon (10/15)            Temple (0/1) D:4            Lair (0/6) D:10
    Orc (0/2) D:9

Altars:
Elyvilon
Gozag
Hepliaklqana
Nemelex Xobeh
Trog
Uskayaw
Vehumet
Xom
Yredelemnul

Shops:
D:5 !


Innate Abilities, Weirdness & Mutations

You are immune to sickness and miasma.
You are immune to poison.
Your flesh is very heat resistant. (rF++)
You are vulnerable to cold. (rC-)
You float through the air rather than walking.
You learn spells naturally, not from books.
Your magical power is your life essence.
You have superior vitality. (+4 MHP)


Message History

Confirm with . or Enter, or press ? or * to list all spells.
You erupt in a blast of force!
The mystic blast hits the yak!
The yak is almost dead.
The yak is knocked back by the mystic blast.
The mystic blast hits the wraith!
The wraith is heavily damaged.
The wraith is knocked back by the mystic blast.
The mystic blast hits the orc priest!
The orc priest is almost dead.
The orc priest is knocked back by the mystic blast.
The orc priest slams into the stone wall!
You kill the orc priest!
* * * LOW HITPOINT WARNING * * *
You hear an angry hiss.
A killer bee comes into view.
Aiming: Iceblast
Press: ? - help, Shift-Dir - straight line, f - wraith
Aim: a wraith (heavily damaged)
The mass of ice explodes!
The iceblast engulfs the wraith!
The wraith partially resists.
The wraith is almost destroyed.
There is an open door here.
You block the killer bee's attack.
You puncture the killer bee!
The killer bee is heavily wounded.
The killer bee barely misses you. x2
Casting: Iskenderun's Mystic Blast (mildly dangerous; 1% risk of failure)
Confirm with . or Enter, or press ? or * to list all spells.
You erupt in a blast of force!
The mystic blast hits the yak!
You kill the yak!
The mystic blast hits the wraith but does no damage.
The wraith is severely damaged.
The mystic blast hits the killer bee!!
You kill the killer bee!
* * * LOW HITPOINT WARNING * * *
You hear an angry hiss.
You hear a shout!
You hear a bellow!
You hit the wraith.
The wraith is almost destroyed.
The wraith hits you!
You die...

#........##..#........#
#.#
#######'####.'........#
#.# #..# ###........#
#.# ##.## #........# #.#
#..# #####'#### #.#
##.## ..# .# #..#
###'####
#####.##########......#
#.........##..@W......##
#.........##.###..†....#
#.>.......##.#
#...)....#
#......[.....#
#.†.......
#.........####
#....)..## #.........#
#....###.. #######.###
#...## # #.# #...# ..#
##..#


You could see a wraith.

Vanquished Creatures
  Harold (D:8)
  Erica (D:8)
  A two-headed ogre (D:10)
  An unseen horror (D:10)
  Maggie (D:7)
  A komodo dragon (D:10)
  A troll (D:10)
  A hornet (D:10)
  2 shadows (D:10)
  8 yaks
  2 wyverns (D:10)
  Grum (D:8)
  A vampire mosquito (D:10)
  2 water moccasins
  6 black bears
  5 orc warriors
  2 necrophages (D:6)
  2 ogres
  4 wolves (D:8)
  A phantom (D:3)
  3 centaurs
  2 kobold brigands
  2 bullfrogs
  A gnoll sergeant (D:7)
  5 scorpions
  5 killer bees
  12 howler monkeys
  6 wights
  3 bullfrog zombies (D:6)
  3 centaur zombies
  A bullfrog skeleton (D:5)
  2 jellies
  5 orc priests
  3 hounds
  A gnoll shaman (D:6)
  An iguana (D:5)
  6 orc wizards
  A howler monkey zombie (D:8)
  6 gnolls
  A howler monkey skeleton (D:7)
  7 adders
  An adder zombie (D:5)
  2 worms
  5 dart slugs
  26 orcs
  5 ball pythons
  7 endoplasms
  2 giant cockroaches
  9 goblins
  9 hobgoblins
  7 quokkas
  10 bats
  12 frilled lizards
  14 kobolds
  11 rats
240 creatures vanquished.

Vanquished Creatures (others)
  3 bushes (D:7)
  32 fungi (D:10)
  39 plants
74 creatures vanquished.

Grand Total: 314 creatures vanquished

Notes
Turn   | Place    | Note
-------+----------+-------------------------------------------
     0 | D:1      | horus123 the Djinni Cinder Acolyte began the quest for the
                  | Orb.
     0 | D:1      | Reached XP level 1. HP: 20/20 MP: 0/0
   337 | D:1      | Reached XP level 2. HP: 7/25 MP: 0/0
   593 | D:1      | Reached skill level 3 in Spellcasting
   990 | D:1      | Reached XP level 3. HP: 24/30 MP: 0/0
   990 | D:1      | Learned a level 1 spell: Animate Skeleton
  2358 | D:2      | Reached XP level 4. HP: 31/35 MP: 0/0
  2930 | D:2      | Reached skill level 4 in Spellcasting
  3081 | D:3      | Found a faded altar of an unknown god.
  3152 | D:3      | Noticed a phantom
  3162 | D:3      | Killed a phantom
  3163 | D:3      | Reached XP level 5. HP: 30/40 MP: 0/0
  3163 | D:3      | Learned a level 2 spell: Blink
  3346 | D:3      | Identified the +7 rapier of Calamity {venom, Will+}
  3494 | D:3      | Found a bloodstained altar of Trog.
  3620 | D:3      | Reached XP level 6. HP: 36/46 MP: 0/0
  3887 | D:3      | Reached skill level 1 in Short Blades
  4067 | D:4      | Noticed an ogre
  4074 | D:4      | Killed an ogre
  4472 | D:4      | Found a staircase to the Ecumenical Temple.
  4527 | D:4      | Noticed a black bear
  4531 | D:4      | Killed a black bear
  4532 | D:4      | Reached skill level 5 in Spellcasting
  4532 | D:4      | Reached XP level 7. HP: 39/50 MP: 0/0
  4532 | D:4      | Learned a level 3 spell: Vampiric Draining
  5334 | D:5      | Entered Level 5 of the Dungeon
  5360 | D:5      | Found Woqiorchu's Distillery.
  5483 | D:5      | Reached skill level 6 in Spellcasting
  5485 | D:5      | Reached XP level 8. HP: 10/56 MP: 0/0
  6361 | D:5      | Found a basalt altar of Yredelemnul.
  6415 | D:6      | Reached skill level 7 in Spellcasting
  6429 | D:6      | HP: 2/56 [bullfrog zombie (4)]
  6791 | D:6      | Identified the +2 robe "Waeli" {rN+ rCorr Str-5 Int+2}
  7227 | D:6      | Reached skill level 8 in Spellcasting
  7227 | D:6      | Reached XP level 9. HP: 55/60 MP: 0/0
  7227 | D:6      | Learned a level 4 spell: Iskenderun's Mystic Blast
  8212 | D:7      | Found a white marble altar of Elyvilon.
  8233 | D:7      | Reached skill level 5 in Fighting
  8385 | D:7      | Noticed Maggie
  8392 | D:7      | Killed Maggie
  9031 | D:7      | Found a sparkling altar of Nemelex Xobeh.
  9098 | D:7      | Reached skill level 5 in Long Blades
  9098 | D:7      | Reached XP level 10. HP: 32/75 MP: 0/0
  9615 | D:8      | Noticed Harold
  9627 | D:8      | Killed Harold
  9628 | D:8      | Reached skill level 9 in Spellcasting
  9861 | D:8      | Found a hazy altar of Hepliaklqana.
  9862 | D:8      | Found a shimmering altar of Xom.
  9863 | D:8      | Noticed a spectral ugly thing
 10073 | D:8      | Found a hide-covered altar of Uskayaw.
 10324 | D:8      | Found an opulent altar of Gozag.
 10522 | D:8      | Noticed Erica
 10540 | D:8      | Killed Erica
 11037 | D:8      | Noticed Grum
 11042 | D:8      | Reached skill level 10 in Spellcasting
 11045 | D:8      | Killed Grum
 11326 | D:9      | Reached skill level 1 in Dodging
 12077 | D:9      | Reached XP level 11. HP: 57/79 MP: 0/0
 12077 | D:9      | Learned a level 5 spell: Summon Forest
 12314 | D:9      | Identified the +3 leather armour of the Inquisitive Ears
                  | {Fly rF- rCorr Int-5}
 12513 | D:9      | Found a staircase to the Orcish Mines.
 12543 | D:9      | Reached skill level 5 in Dodging
 13039 | D:10     | Entered Level 10 of the Dungeon
 13079 | D:10     | Found a staircase to the Lair.
 13998 | D:10     | Noticed a two-headed ogre
 14006 | D:10     | Killed a two-headed ogre
 14195 | D:10     | Slain by a wraith

Illustrated notes

Levels and vault maps discovered:
D:1:      minmay_arrival_diagonal_passages, layout_basic,
          minmay_misc_feat_cross, minmay_misc_feat_doors,
          nicolae_figureground_pulse
D:2:      layout_loops_ring, minmay_rat_gold_closets
D:3:      layout_loops_ring, mainiacjoe_overflow_24_doors,
          basic_ecumenical_altar, minmay_lizard_king
D:4:      layout_loops_corners, minmay_temple_entry_overgrown,
          serial_bayou_pond_b, amcnicky_mini_corridor_feature
D:5:      layout_rooms, marbit_many_paths, serial_shops, shop,
          kennysheep_small_square
D:6:      nicolae_cairo_tiling, layout_basic
D:7:      layout_basic, elyvilon_altar_3, nemelex_altar_shiori,
          serial_park_tiny_2, minivault_24, uniq_maggie
D:8:      layout_basic, regret_index_temple_of_mockery,
          mainiacjoe_overflow_tiny_flanked, gammafunk_temple_overflow_pools,
          uniq_erica, uniq_grum, uniq_harold
D:9:      layout_roguey, david_orc_1_choice
D:10:     layout_roguey, due_lair_maze_entry_diamond, minmay_alternating_orb

Skill      XL: |  1  2  3  4  5  6  7  8  9 10 11 |
---------------+----------------------------------+-----
Spellcasting   | 3 4 5 6 8 10 | 10.1
Short Blades   | 2 |  2.6
Fighting       | 7 8 |  8.9
Long Blades    | 5 |  5.1
Dodging        | 3 8 |  8.0

Action                   |  1- 3 |  4- 6 |  7- 9 | 10-12 || total
-------------------------+-------+-------+-------+-------++-------
Melee: Falchion          |    20 |    12 |       |       ||    32
       Rapier            |       |    27 |    26 |    28 ||    81
       Punch             |       |       |       |     2 ||     2
 Cast: Scorch            |    42 |    48 |   101 |   119 ||   310
       Animate Skeleton  |       |       |     1 |       ||     1
       Iskenderun's Myst |       |       |     8 |    37 ||    45
       Vampiric Draining |       |       |       |     8 ||     8
Evoke: Wand              |       |       |       |     1 ||     1
  Use: Scroll            |     5 |       |     5 |     6 ||    16
 Stab: Sleeping          |     1 |       |       |       ||     1
Armor: Robe              |     5 |     3 |    12 |    25 ||    45
Dodge: Dodged            |    11 |    18 |    39 |    57 ||   125
Block: Other             |     1 |     8 |    13 |    26 ||    48
       Reflection        |       |       |     2 |     5 ||     7
